ESL (28 & UNDER)
MT PLEASANT BEARCATS @ PENQUANNOCK OVERRATED JETER
09/01/2026
 
TOP OF THE 1ST
Mt Pleasant Bearcats batting - Pitching for Penquannock Overrated Jeter : LHP Héctor Díaz
Pitching: LHP Héctor Díaz
Batting: RHB Patrick Potts 0-0: Called Strike
0-1: Foul Ball, location: 2F
0-2: Ball
1-2: SINGLE (Groundball, 34D)
Batting: RHB Jeffrey Hicks 0-0: Called Strike
Patrick Potts steals 2nd base
0-1: Ball
1-1: Swinging Strike
1-2: Ball
2-2: SINGLE (Groundball, 34D)
Patrick Potts to third
Runner from 3rd tries for Home, SAFE, no throw or cutoff
Batting: LHB Robert Moore 0-0: Ball
1-0: Called Strike
1-1: Ball
2-1: Ball
Balk!
Jeffrey Hicks to second
3-1: Foul Ball, location: 2F
3-2: SINGLE (Line Drive, 4D)
Jeffrey Hicks to third
Runner from 3rd tries for Home, SAFE, no throw or cutoff
Batting: SHB Roberto Rivera 0-0: Ball
1-0: Fly out, F8 (Flyball, 8RD)
Batting: RHB Pat Fernández 0-0: Ground out 4-3 (Groundball, 4M)
Robert Moore to second
Batting: RHB Ricardo Salazar 0-0: Fly out, F8 (Flyball, 8RD)
Top of the 1st over - 2 run(s), 3 hit(s), 0 error(s), 1 left on base; Mt Pleasant 2 - Penquannock 0
BOTTOM OF THE 1ST
Penquannock Overrated Jeter batting - Pitching for Mt Pleasant Bearcats : LHP Félix García
Pitching: LHP Félix García
Batting: RHB António Rodríguez 0-0: Ball
1-0: Called Strike
1-1: Foul Ball, location: 2F
1-2: Ball
2-2: Ground out 5-3 (Groundball, 56)
Batting: SHB Caden Keith 0-0: Foul Ball, location: 2F
0-1: Called Strike
0-2: Fly out, F9 (Flyball, 9LM)
Batting: LHB Roberto Trujillo 0-0: SINGLE (Groundball, 5D)
Batting: LHB Ron Robinson 0-0: DOUBLE (Flyball, 7D)
Roberto Trujillo to third
Batting: LHB Pete Weber 0-0: Called Strike
0-1: Called Strike
0-2: Foul Ball, location: 2F
0-2: Ball
1-2: Strikes out looking
Bottom of the 1st over - 0 run(s), 2 hit(s), 0 error(s), 2 left on base; Mt Pleasant 2 - Penquannock 0
TOP OF THE 2ND
Mt Pleasant Bearcats batting - Pitching for Penquannock Overrated Jeter : LHP Héctor Díaz
Batting: RHB Luis Maldonado 0-0: Bunted foul
0-1: Ball
1-1: Ground out 4-3 (Groundball, 4M)
Batting: RHB Irving Galloway 0-0: Called Strike
0-1: Ball
1-1: Called Strike
1-2: Ball
2-2: Fly out, F9 (Flyball, 9M)
Batting: RHB Roberto Martínez 0-0: Fly out, F7 (Flyball, 7LM)
Top of the 2nd over - 0 run(s), 0 hit(s), 0 error(s), 0 left on base; Mt Pleasant 2 - Penquannock 0
BOTTOM OF THE 2ND
Penquannock Overrated Jeter batting - Pitching for Mt Pleasant Bearcats : LHP Félix García
Batting: LHB Tony Green 0-0: Ground out 6-3 (Groundball, 6M)
Batting: RHB Tim Hanson 0-0: Called Strike
0-1: Swinging Strike
0-2: Strikes out looking
Batting: RHB Armando Pagán 0-0: Called Strike
0-1: Swinging Strike
0-2: Strikes out swinging
Bottom of the 2nd over - 0 run(s), 0 hit(s), 0 error(s), 0 left on base; Mt Pleasant 2 - Penquannock 0
TOP OF THE 3RD
Mt Pleasant Bearcats batting - Pitching for Penquannock Overrated Jeter : LHP Héctor Díaz
Batting: RHB Patrick Potts 0-0: Called Strike
0-1: Reached on error, E1 (Groundball, 23)
Batting: RHB Jeffrey Hicks 0-0: Ball
1-0: Ball
2-0: Ball
3-0: Called Strike
3-1: Base on Balls
Patrick Potts to second
Batting: LHB Robert Moore 0-0: Fly out, F8 (Flyball, 89D)
Runner from 2nd tags up, SAFE at 3rd, no throw
Batting: SHB Roberto Rivera 0-0: Called Strike
Jeffrey Hicks is caught stealing 2nd base
0-1: Ball
1-1: Foul Ball, location: 2F
1-2: Strikes out swinging
Top of the 3rd over - 0 run(s), 0 hit(s), 1 error(s), 1 left on base; Mt Pleasant 2 - Penquannock 0
BOTTOM OF THE 3RD
Penquannock Overrated Jeter batting - Pitching for Mt Pleasant Bearcats : LHP Félix García
Batting: LHB Dave Pitts 0-0: Ball
1-0: Fly out, F8 (Flyball, 8LS)
Batting: RHB António Rodríguez 0-0: Called Strike
0-1: Foul Ball, location: 2F
0-2: Reached on error, E6 (Groundball, 6M)
Batting: SHB Caden Keith 0-0: Foul Ball, location: 2F
0-1: Fly out, F7 (Flyball, 78M)
Batting: LHB Roberto Trujillo 0-0: Foul Ball, location: 2F
0-1: Foul Ball, location: 2F
0-2: Ball
1-2: Fly out, F8 (Line Drive, 8RM)
Bottom of the 3rd over - 0 run(s), 0 hit(s), 1 error(s), 1 left on base; Mt Pleasant 2 - Penquannock 0
TOP OF THE 4TH
Mt Pleasant Bearcats batting - Pitching for Penquannock Overrated Jeter : LHP Héctor Díaz
Batting: RHB Pat Fernández 0-0: Fly out, F3 (Popup, 3F)
Batting: RHB Ricardo Salazar 0-0: Foul Ball, location: 2F
0-1: Ball
1-1: SINGLE (Flyball, 89S)
Pitching: RHP Joaquín Rojas
Batting: RHB Luis Maldonado 0-0: Ground out 5-3 (Groundball, 15S)
Ricardo Salazar to second
Batting: RHB Irving Galloway 0-0: Ground out 5-3 (Groundball, 56S)
Top of the 4th over - 0 run(s), 1 hit(s), 0 error(s), 1 left on base; Mt Pleasant 2 - Penquannock 0
BOTTOM OF THE 4TH
Penquannock Overrated Jeter batting - Pitching for Mt Pleasant Bearcats : LHP Félix García
Batting: LHB Ron Robinson 0-0: Ball
1-0: Fly out, F8 (Flyball, 8LM)
Batting: LHB Pete Weber 0-0: SINGLE (Groundball, 5D)
Batting: LHB Tony Green 0-0: Ball
1-0: Ball
2-0: Swinging Strike
2-1: Foul Ball, location: 2F
2-2: Strikes out swinging
Batting: RHB Tim Hanson 0-0: Ball
Pete Weber is caught stealing 2nd base
Bottom of the 4th over - 0 run(s), 1 hit(s), 0 error(s), 0 left on base; Mt Pleasant 2 - Penquannock 0
TOP OF THE 5TH
Mt Pleasant Bearcats batting - Pitching for Penquannock Overrated Jeter : RHP Joaquín Rojas
Batting: RHB Roberto Martínez 0-0: Called Strike
0-1: Called Strike
0-2: Foul Ball, location: 2F
0-2: Strikes out looking
Batting: RHB Patrick Potts 0-0: Ball
1-0: Ball
2-0: Ground out 5-3 (Groundball, 5L)
Batting: RHB Jeffrey Hicks 0-0: Called Strike
0-1: Called Strike
0-2: Strikes out swinging
Top of the 5th over - 0 run(s), 0 hit(s), 0 error(s), 0 left on base; Mt Pleasant 2 - Penquannock 0
BOTTOM OF THE 5TH
Penquannock Overrated Jeter batting - Pitching for Mt Pleasant Bearcats : LHP Félix García
Batting: RHB Tim Hanson 0-0: Swinging Strike
0-1: Called Strike
0-2: Ball
1-2: Ball
2-2: Foul Ball, location: 2F
2-2: Strikes out looking
Batting: RHB Armando Pagán 0-0: Called Strike
0-1: Called Strike
0-2: Ball
1-2: Hit by Pitch
Batting: LHB Dave Pitts 0-0: Fly out, F8 (Popup, 6MD)
Batting: RHB António Rodríguez 0-0: Ball
1-0: Called Strike
1-1: Called Strike
1-2: Strikes out swinging
Bottom of the 5th over - 0 run(s), 0 hit(s), 0 error(s), 1 left on base; Mt Pleasant 2 - Penquannock 0
TOP OF THE 6TH
Mt Pleasant Bearcats batting - Pitching for Penquannock Overrated Jeter : RHP Joaquín Rojas
Batting: LHB Robert Moore 0-0: Ball
1-0: Called Strike
1-1: Ball
2-1: Ball
3-1: Called Strike
3-2: Strikes out looking
Batting: SHB Roberto Rivera 0-0: Called Strike
0-1: Called Strike
0-2: Ball
1-2: Ground out 4-3 (Groundball, 4M)
Batting: RHB Pat Fernández 0-0: Foul Ball, location: 2F
0-1: Swinging Strike
0-2: Strikes out looking
Top of the 6th over - 0 run(s), 0 hit(s), 0 error(s), 0 left on base; Mt Pleasant 2 - Penquannock 0
BOTTOM OF THE 6TH
Penquannock Overrated Jeter batting - Pitching for Mt Pleasant Bearcats : LHP Félix García
Batting: SHB Caden Keith 0-0: Ball
1-0: Ground out 5-3 (Groundball, 5S)
Batting: LHB Roberto Trujillo 0-0: Ball
1-0: Ball
2-0: Ball
3-0: Base on Balls
Batting: LHB Ron Robinson 0-0: Ball
1-0: Fly out, F4 (Popup, 4M)
Batting: LHB Pete Weber 0-0: Called Strike
0-1: Fly out, F2 (Popup, 2RF)
Bottom of the 6th over - 0 run(s), 0 hit(s), 0 error(s), 1 left on base; Mt Pleasant 2 - Penquannock 0
TOP OF THE 7TH
Mt Pleasant Bearcats batting - Pitching for Penquannock Overrated Jeter : RHP Joaquín Rojas
Pitching: RHP Javier González
Batting: RHB Ricardo Salazar 0-0: Ball
1-0: Called Strike
1-1: Swinging Strike
1-2: Ball
2-2: SINGLE (Groundball, 13) (infield hit)
Batting: RHB Luis Maldonado 0-0: Bunt - Flyout! F1
Batting: RHB Irving Galloway 0-0: Swinging Strike
0-1: Called Strike
Ricardo Salazar steals 2nd base
0-2: Strikes out looking
Batting: RHB Roberto Martínez 0-0: Called Strike
0-1: Swinging Strike
0-2: Ball
1-2: Ball
2-2: Ball
3-2: Strikes out swinging
Top of the 7th over - 0 run(s), 1 hit(s), 0 error(s), 1 left on base; Mt Pleasant 2 - Penquannock 0
BOTTOM OF THE 7TH
Penquannock Overrated Jeter batting - Pitching for Mt Pleasant Bearcats : LHP Félix García
Batting: LHB Tony Green 0-0: Ball
1-0: Called Strike
1-1: Foul Ball, location: 2F
1-2: Ball
2-2: Ball
3-2: Strikes out swinging
Batting: RHB Tim Hanson 0-0: SINGLE (Groundball, 15) (infield hit)
Batting: RHB Armando Pagán 0-0: Ball
1-0: Swinging Strike
1-1: Ball
Tim Hanson steals 2nd base
2-1: Called Strike
2-2: SINGLE (Flyball, 89M)
Tim Hanson to third
Runner from 3rd tries for Home, SAFE, throw made home
Armando Pagán to second
Batting: LHB Dave Pitts 0-0: Swinging Strike
0-1: Swinging Strike
0-2: Foul Ball, location: 2F
0-2: Strikes out swinging
Pinch Hitting: RHB Barton Frazier 0-0: Foul Ball, location: 2F
0-1: Fly out, F8 (Flyball, 8LD)
Bottom of the 7th over - 1 run(s), 2 hit(s), 0 error(s), 1 left on base; Mt Pleasant 2 - Penquannock 1
TOP OF THE 8TH
Mt Pleasant Bearcats batting - Pitching for Penquannock Overrated Jeter : RHP Javier González
Now at SS: Aaron Holt
Batting: RHB Patrick Potts 0-0: Ball
1-0: Ball
2-0: Foul Ball, location: 2F
2-1: Foul Ball, location: 2F
2-2: Strikes out swinging
Batting: RHB Jeffrey Hicks 0-0: Ball
1-0: Ground out 4-3 (Groundball, 4)
Batting: LHB Robert Moore 0-0: Ball
1-0: Ball
2-0: Reached on error, E3 (Groundball, 3S)
Batting: SHB Roberto Rivera 0-0: Ball
1-0: Foul Ball, location: 2F
1-1: Ball
2-1: Ground out 4-3 (Groundball, 4)
Top of the 8th over - 0 run(s), 0 hit(s), 1 error(s), 1 left on base; Mt Pleasant 2 - Penquannock 1
BOTTOM OF THE 8TH
Penquannock Overrated Jeter batting - Pitching for Mt Pleasant Bearcats : LHP Félix García
Pitching: RHP Sancho Mendoza
Now in LF: Carlos Luna
Batting: SHB Caden Keith 0-0: Called Strike
0-1: Fly out, F8 (Flyball, 8LS)
Pitching: LHP León Hernández
Batting: LHB Roberto Trujillo 0-0: Ball
1-0: Swinging Strike
1-1: Foul Ball, location: 2F
1-2: Strikes out swinging
Batting: LHB Ron Robinson 0-0: Ball
1-0: Called Strike
1-1: Called Strike
1-2: Fly out, F8 (Flyball, 8LD)
Bottom of the 8th over - 0 run(s), 0 hit(s), 0 error(s), 0 left on base; Mt Pleasant 2 - Penquannock 1
TOP OF THE 9TH
Mt Pleasant Bearcats batting - Pitching for Penquannock Overrated Jeter : RHP Javier González
Batting: RHB Pat Fernández 0-0: Swinging Strike
0-1: Called Strike
0-2: Strikes out swinging
Batting: RHB Ricardo Salazar 0-0: Foul Ball, location: 2F
0-1: Ball
1-1: Swinging Strike
1-2: Ball
2-2: Ball
3-2: Base on Balls
Pinch Hitting: SHB William Hamilton 0-0: Ball
Wild Pitch!
Ricardo Salazar to second
1-0: Ball
2-0: Ball
3-0: Called Strike
3-1: SINGLE (Groundball, 34)
Ricardo Salazar to third
Runner from 3rd tries for Home, SAFE, no throw or cutoff
Batting: RHB Irving Galloway 0-0: Ball
Wild Pitch!
William Hamilton to second
1-0: Intentional Walk
Pitching: RHP Dave Nelson
Pinch Hitting: LHB Colm Massey 0-0: Ball
1-0: Ball
2-0: Ball
3-0: Called Strike
3-1: Base on Balls
William Hamilton to third
Irving Galloway to second
Batting: RHB Patrick Potts 0-0: Ball
1-0: Ball
2-0: Called Strike
2-1: Called Strike
2-2: Ball
3-2: Base on Balls
William Hamilton scores
Irving Galloway to third
Colm Massey to second
Pinch Hitting: RHB Yasutoki Kojima 0-0: Foul Ball, location: 2F
0-1: Swinging Strike
0-2: Ball
1-2: Ball
2-2: Strikes out swinging
Batting: LHB Robert Moore 0-0: Ball
1-0: Swinging Strike
1-1: Called Strike
1-2: Ball
2-2: Foul Ball, location: 2F
2-2: Strikes out swinging passed ball, reaches first!
Irving Galloway scores
Colm Massey to third
Patrick Potts to second
Batting: SHB Roberto Rivera 0-0: Ball
1-0: DOUBLE (Line Drive, 8RM)
Colm Massey scores
Patrick Potts scores
Robert Moore to third
Runner from 3rd tries for Home, SAFE, no throw or cutoff
Batting: RHB Pat Fernández 0-0: Ball
1-0: Called Strike
1-1: Ground out 5-3 (Groundball, 56S)
Top of the 9th over - 6 run(s), 2 hit(s), 0 error(s), 1 left on base; Mt Pleasant 8 - Penquannock 1
BOTTOM OF THE 9TH
Penquannock Overrated Jeter batting - Pitching for Mt Pleasant Bearcats : LHP León Hernández
Now at 3B: William Hamilton
Now at SS: Fernando Pérez
Now in LF: Juan Trujillo
Batting: LHB Pete Weber 0-0: Ball
1-0: Called Strike
1-1: Swinging Strike
1-2: Strikes out swinging
Batting: LHB Tony Green 0-0: Ball
1-0: Called Strike
1-1: Called Strike
1-2: Strikes out swinging
Batting: RHB Tim Hanson 0-0: Fly out, F8 (Flyball, 8RS)
Bottom of the 9th over - 0 run(s), 0 hit(s), 0 error(s), 0 left on base; Mt Pleasant 8 - Penquannock 1
Monday, December 5th, 2016 - OOTP Baseball 17.12 Build 75